 Dungeon Crawl Stone Soup version 0.32-a0-643-ga006e7742e (webtiles) character file.

Game seed: 7096114767920573919

9641 ClasyJones the Cleaver (level 11, -2/84 HPs)
             Began as a Coglin Berserker on Mar 7, 2024.
             Was an Elder of Trog.
             Slain by an orc warrior
             ... wielding a +0 battleaxe
             ... led by an orc knight
              (19 damage)
             ... on level 1 of the Orcish Mines.
             The game lasted 00:26:50 (9172 turns).

ClasyJones the Cleaver (Coglin Berserker)           Turns: 9172, Time: 00:26:51

Health: -2/84      AC: 17    Str: 25    XL:     11   Next: 49%
Magic:  14/14      EV: 10    Int:  7    God:    Trog [****..]
Gold:   409        SH:  0    Dex: 13    Spells: 10/10 levels left

rFire   . . .        w - +7 broad axe (venom) {Nittaya}
rCold   . . .        I - +0 war axe {Iwao}
rNeg    + . .        A - +0 pearl dragon scales
rPois   .            q - +0 helmet
rElec   .            E - +0 cloak {Stlth+}
rCorr   .            x - +1 pair of gloves {Str+3}
SInv    .            (no boots)
Will    ++...        (amulet unavailable)
Stlth   +            (ring unavailable)
HPRegen 1.34/turn    (ring unavailable)
MPRegen 0.14/turn    (no gizmo)

%: no passive effects
@: strong-willed, regenerating, revved
A: off-hand wielding, slow wielding, warmup strikes, no jewellery
a: Invent Gizmo, Renounce Religion, Berserk, Trog's Hand, Brothers in Arms


You were on level 1 of the Orcish Mines.
You worshipped Trog.
Trog was greatly pleased with you.
You visited 2 branches of the dungeon, and saw 11 of its levels.

You collected 556 gold pieces.
You spent 147 gold pieces at shops.

Inventory:

Hand Weapons
 w - a +7 broad axe of venom (weapon) {Nittaya}
 I - a +0 war axe (offhand) {Iwao}
Armour
 m - a +1 plate armour
 p - the +0 helmet of the Inquisitive Scars {Rampage Will- Dex+3}
   (You took it off Robin on level 3 of the Dungeon)

   Dex+3:     It affects your dexterity (+3).
   Will-:     It decreases your willpower.
   Rampage:   It bestows one free step when moving towards enemies.
 q - a +0 helmet (worn)
 x - a +1 pair of gloves of strength (worn)
 A - +0 pearl dragon scales (worn)
 E - a +0 cloak of stealth (worn)
Wands
 o - a wand of polymorph (16)
 s - a wand of charming (27)
 y - a wand of mindburst (19)
 B - a wand of light (5)
 D - a wand of warping (11)
 G - a wand of digging (5)
 H - a wand of flame (17)
Scrolls
 a - a scroll of identify
 b - a scroll of vulnerability
 d - 3 scrolls of teleportation
 e - 2 scrolls of blinking
 f - a scroll of noise
 i - a scroll of summoning
 j - 4 scrolls of silence
 n - 2 scrolls of amnesia
 F - a scroll of immolation
Potions
 c - a potion of lignification {unknown}
 g - 3 potions of brilliance
 h - 3 potions of invisibility {unknown}
 k - 3 potions of haste {unknown}
 r - a potion of mutation
 u - 5 potions of curing
 v - a potion of might {unknown}
 z - a potion of degeneration {unknown}
 C - a potion of cancellation {unknown}


   Skills:
 + Level 7.1 Fighting
 - Level 1.1 Short Blades
 * Level 14.3 Axes
 + Level 6.2 Armour
 - Level 1.7 Dodging
 + Level 1.0 Stealth
 - Level 4.0 Invocations


You had 10 spell levels left.
You didn't know any spells.
Your spell library was empty.

Dungeon Overview and Level Annotations

Branches:
Dungeon (10/15)            Temple (0/1) D:7            Lair (0/5) D:9
    Orc (1/2) D:9

Altars:
Ashenzari
Dithmenos
Fedhas
Okawaru
Ru
Zin

Shops:
D:9 =*!

Annotations:
D:5 3 runed translucent doors, BubbleThief's ghost, novice MDCA
D:8 1 runed translucent door, Vadun's ghost, novice TeMo


Innate Abilities, Weirdness & Mutations

You can wield a second weapon in your off-hand.
It takes a long time for you to wield or remove held weapons.
Your first few attacks do less damage.
You cannot equip rings or amulets.


Message History

An orc warrior comes into view. It is wielding a +0 battleaxe.
The ogre barely misses you.
The orc warrior hits you from afar with a +0 glaive.
The orc knight hits you with a +0 war axe!
Your skin crawls.
You feel strong-willed.
The orc warrior hits you from afar with a +0 glaive.
The orc knight hits you with a +0 war axe!
You slash the orc knight with your +0 war axe!
The orc knight is severely wounded.
You barely miss the ogre with your +0 war axe.
You barely miss the orc knight with your +7 broad axe of venom.
You barely miss the ogre with your +7 broad axe of venom.
The ogre barely misses you. The orc warrior barely misses you.
The orc knight hits you with a +0 war axe!
* * * LOW HITPOINT WARNING * * *
You hit the orc knight with your +7 broad axe of venom.
The orc knight looks as sick as possible!
The orc knight is severely wounded.
You slash the ogre with your +7 broad axe of venom!
You kill the ogre!
Trog accepts your kill.
You slash the orc knight with your +0 war axe!
The orc warrior hits you from afar with a +0 glaive!!
* * * LOW HITPOINT WARNING * * *
The orc knight closely misses you.
Blink to where?
Press: ? - help, Dir - move target
Found 5 gold pieces.
As you read the scroll of blinking, it crumbles to dust.
You kill the orc knight!
Trog accepts your kill.
You see here 5 gold pieces.
You feel better.
You slash the orc warrior with your +7 broad axe of venom!
The orc warrior is poisoned.
The orc warrior is moderately wounded.
You slash the orc warrior with your +0 war axe!
The orc warrior hits you with a +0 battleaxe!!
You die...

## .# ..
..####. ...#...
.......
.......###
.........##
#.........#
.......@..#
...#...o.## ###
#.o..#### #.#.
#....#..#
#..###...#...##
##..#.#O#...#.#
#......#......
.....)....##.
.#....)#.##


You could see 2 orc warriors and an ogre.

Vanquished Creatures
  An orc knight (Orc:1)
  Maurice (D:9)
  A cyclops (D:8)
  A kobold blastminer (Orc:1)
  Maggie (D:8)
  A komodo dragon (D:9)
  A troll (D:9)
  Grinder (D:3)
  A wyvern (D:9)
  19 yaks
  2 steam dragons (D:9)
  4 vampire mosquitoes (D:10)
  Edmund (D:5)
  An acid dragon (D:9)
  3 orc warriors
  2 ice beasts (D:6)
  A black bear (D:6)
  An ogre (Orc:1)
  2 sky beasts
  5 centaurs
  3 phantoms (D:7)
  A kobold brigand (D:9)
  2 bullfrogs
  4 scorpions
  10 killer bees (D:9)
  3 howler monkeys (D:7)
  5 hounds
  2 orc priests
  3 bombardier beetles
  2 gnoll boudas (D:6)
  4 sleepcaps
  Terence (D:2)
  Ijyb (D:3)
  4 iguanas
  5 orc wizards
  Robin (D:3)
  7 adders
  A shadow imp (D:8)
  A white imp (D:8)
  3 ufetubi
  A ribbon worm (D:3)
  2 dart slugs
  10 orcs
  8 ball pythons
  2 bats
  6 endoplasms
  2 giant cockroaches (D:3)
  16 goblins
  10 hobgoblins
  6 jackals (D:1)
  2 quokkas
  2 frilled lizards
  13 kobolds
  7 rats
200 creatures vanquished.

Notes
Turn   | Place    | Note
-------+----------+-------------------------------------------
     0 | D:1      | ClasyJones the Coglin Berserker began the quest for the
                  | Orb.
     0 | D:1      | Reached XP level 1. HP: 18/18 MP: 1/1
   172 | D:1      | Reached XP level 2. HP: 24/24 MP: 2/2
   511 | D:1      | Reached XP level 3. HP: 19/29 MP: 3/3
   883 | D:2      | Noticed Terence
  1095 | D:2      | Reached skill level 4 in Axes
  1095 | D:2      | Reached XP level 4. HP: 20/35 MP: 4/4
  1182 | D:2      | Reached ** piety under Trog
  1334 | D:2      | Killed Terence
  1815 | D:2      | Reached XP level 5. HP: 36/41 MP: 5/5
  2150 | D:3      | Identified the +0 helmet of the Inquisitive Scars {Rampage
                  | Will- Dex+3}
  2150 | D:3      | Noticed Robin
  2207 | D:3      | Found a faded altar of an unknown god.
  2299 | D:3      | Found a broken altar of Ashenzari.
  2310 | D:3      | Killed Robin
  2311 | D:3      | Reached skill level 1 in Invocations
  2379 | D:3      | Noticed Ijyb
  2410 | D:3      | Killed Ijyb
  2444 | D:3      | Reached skill level 5 in Axes
  2681 | D:3      | Noticed Grinder
  2684 | D:3      | Paralysed by Grinder for 5 turns
  2694 | D:3      | Paralysed by Grinder for 4 turns
  2701 | D:3      | HP: 2/42 [Grinder (5)]
  2704 | D:3      | Killed Grinder
  2705 | D:3      | Reached skill level 1 in Short Blades
  2705 | D:3      | Reached XP level 6. HP: 4/48 MP: 5/7
  3150 | D:3      | Reached skill level 6 in Axes
  3344 | D:4      | Reached XP level 7. HP: 41/54 MP: 8/8
  4061 | D:5      | Entered Level 5 of the Dungeon
  4127 | D:5      | Reached *** piety under Trog
  4192 | D:5      | Noticed BubbleThief's ghost (novice MDCA)
  4234 | D:5      | You fall into a shaft and drop 2 floors!
  4250 | D:6      | Reached skill level 7 in Axes
  4305 | D:6      | Reached XP level 8. HP: 42/60 MP: 9/9
  4438 | D:6      | Reached skill level 8 in Axes
  4706 | D:5      | Noticed a yak
  4706 | D:5      | Noticed a yak
  4706 | D:5      | Noticed a yak
  4706 | D:5      | Noticed a yak
  4724 | D:5      | Killed a yak
  4731 | D:5      | Killed a yak
  4734 | D:5      | Killed a yak
  4735 | D:5      | Reached skill level 9 in Axes
  4737 | D:5      | Killed a yak
  4738 | D:5      | Reached skill level 5 in Fighting
  4738 | D:5      | Reached XP level 9. HP: 68/68 MP: 9/11
  4828 | D:5      | Noticed Edmund
  4837 | D:5      | Killed Edmund
  4895 | D:5      | Found a runed translucent gate.
  4903 | D:5      | Found a glowing silver altar of Zin.
  4918 | D:5      | Found a runed translucent gate.
  4919 | D:5      | Found a runed translucent gate.
  5340 | D:6      | Reached skill level 10 in Axes
  6192 | D:7      | Reached skill level 11 in Axes
  6436 | D:7      | Reached XP level 10. HP: 73/76 MP: 12/12
  6531 | D:7      | Found a blossoming altar of Fedhas.
  6625 | D:7      | Found a staircase to the Ecumenical Temple.
  6709 | D:7      | Found a shadowy altar of Dithmenos.
  6754 | D:8      | Noticed a cyclops
  6901 | D:8      | Found a runed translucent door.
  6901 | D:8      | Noticed Vadun's ghost (novice TeMo)
  6946 | D:8      | Killed a cyclops
  7286 | D:8      | Noticed Maggie
  7301 | D:8      | Killed Maggie
  7302 | D:8      | Reached skill level 5 in Armour
  7354 | D:8      | Reached skill level 12 in Axes
  7364 | D:8      | Found a sacrificial altar of Ru.
  8000 | D:9      | Found Babus's Jewellery Boutique.
  8084 | D:9      | Reached **** piety under Trog
  8093 | D:9      | Reached skill level 13 in Axes
  8282 | D:9      | Found Raucit's Distillery.
  8323 | D:9      | Bought a potion of mutation for 88 gold pieces
  8323 | D:9      | Bought a potion of curing for 33 gold pieces
  8323 | D:9      | Identified a scroll of acquirement
  8323 | D:9      | Acquired a +6 broad axe of venom
  8446 | D:9      | Noticed Maurice
  8464 | D:9      | Something stole a +0 dagger of speed {Hisao}
  8469 | D:9      | Something stole 376 gold
  8470 | D:9      | Killed Maurice
  8471 | D:9      | Reached skill level 1 in Stealth
  8471 | D:9      | Reached XP level 11. HP: 64/83 MP: 11/14
  8553 | D:9      | Found an iron altar of Okawaru.
  8577 | D:9      | Found Wouplog's General Store.
  8584 | D:9      | Bought a scroll of identify for 26 gold pieces
  8683 | D:9      | Found a staircase to the Orcish Mines.
  8916 | D:9      | Found a staircase to the Lair.
  8971 | D:10     | Entered Level 10 of the Dungeon
  9083 | D:10     | Reached skill level 14 in Axes
  9156 | Orc:1    | Entered Level 1 of the Orcish Mines
  9156 | Orc:1    | Noticed an orc high priest
  9157 | Orc:1    | Noticed an orc knight
  9167 | Orc:1    | HP: 2/84 [orc warrior/+0 glaive[an orc knight] (19)]
  9170 | Orc:1    | Killed an orc knight
  9172 | Orc:1    | Slain by an orc warrior

Illustrated notes

Levels and vault maps discovered:
D:1:      saegor_arrival_simple_e, layout_rooms, serial_bayou,
          serial_bayou_crossing, serial_bayou_lagoon_a, serial_bayou_lake_a,
          serial_bayou_pond_e, serial_bayou_shore_a, serial_bayou_lagoon_b,
          nrook_mini_vaults, minivault_23
D:2:      layout_basic, kennysheep_generic_room_10, uniq_terence
D:3:      layout_basic, mainiacjoe_overflow_small_starburst,
          dreamdust_ecumenical_altar_statues, uniq_grinder, uniq_robin,
          uniq_ijyb
D:4:      layout_gridville
D:5:      layout_basic, kennysheep_mini_moat, gammafunk_ghost_split,
          nicolae_shop_dragon_depot, uniq_prince_ribbit1, uniq_edmund
D:6:      layout_basic, minmay_fractal_squares_diagonal_5
D:7:      layout_rooms, mainiacjoe_overflow_swirl, minmay_temple_entry_arrows
D:8:      layout_basic, lemuel_coloured_pillars_altar,
          ebering_ghost_inner_flame, kennysheep_generic_room_7, uniq_maggie
D:9:      layout_gridville, mainiacjoe_overflow_surrounded_room,
          david_lair_shrubbed, orc_0_dummy, serial_shops, shop, shop,
          shop_fountains, chequers_garden, uniq_maurice
D:10:     layout_long_grid, mainiacjoe_overflow_alcove_2,
          gammafunk_temple_overflow_claw
Orc:1:    layout_diamond_mine

Skill      XL: |  1  2  3  4  5  6  7  8  9 10 11 |
---------------+----------------------------------+-----
Axes           | 4 5 6 7 9 11 13 14 | 14.3
Armour         | 2 3 4 5 6 |  6.2
Invocations    | 1 2 3 4 |  4.0
Short Blades   | 1 |  1.1
Fighting       | 4 5 6 7 |  7.1
Stealth        | 1 |  1.0
Dodging        | |  1.7

Action                     |  1- 3 |  4- 6 |  7- 9 | 10-12 || total
---------------------------+-------+-------+-------+-------++-------
  Melee: Hand axe          |    71 |    98 |       |       ||   169
         Dagger            |    67 |   148 |   269 |   135 ||   619
         War axe           |       |    60 |   290 |   230 ||   580
         Broad axe         |       |       |       |    46 ||    46
 Invoke: Trog's Hand       |       |       |     2 |     3 ||     5
         Berserk           |       |       |     1 |       ||     1
    Use: Scroll            |     1 |     4 |     2 |     9 ||    16
         Potion            |       |       |       |     1 ||     1
   Stab: Sleeping          |     2 |       |       |       ||     2
 Armour: Animal skin       |    36 |       |       |       ||    36
         Leather armour    |    17 |     9 |       |       ||    26
         Plate armour      |       |   121 |   217 |       ||   338
         Pearl dragon scal |       |       |    41 |   216 ||   257
  Dodge: Dodged            |    52 |    42 |   109 |   132 ||   335

Table legend: (Time is in decaauts)
 A = Elapsed time spent in this place.
 B = Non-inter-level travel time spent in this place.
 C = Inter-level travel time spent in this place.
 D = Time resting spent in this place.
 E = Time spent auto-exploring this place.
 F = Levels seen in this place.
 G = Mean time per level.
                   A        B        C        D        E       F      G
               +--------+--------+--------+--------+--------+-----+--------+
         Total |   9164 |   8750 |    414 |    668 |   6530 |  11 |  833.1 |
       Dungeon |   9149 |   8735 |    414 |    668 |   6530 |  10 |  914.9 |
  Orcish Mines |     14 |     14 |      0 |      0 |      0 |   1 |   14.0 |
               +--------+--------+--------+--------+--------+-----+--------+

Top non-repeatable levels by time:
     D:9: 1516 daAuts
     D:6: 1410 daAuts
     D:2: 1246 daAuts
     D:3: 1053 daAuts
     D:1: 1034 daAuts
     D:4: 799 daAuts
     D:7: 742 daAuts
     D:8: 700 daAuts
     D:5: 521 daAuts
    D:10: 125 daAuts
   Orc:1: 14 daAuts
